AoeStats
← theforceofg

Black Forest

508786806Analyzed
2v2 RM · 8d ago on Sep 24, 2026· 48m 48s· 4 players
Game mode
Random Map
Map size
Medium (4 player)
Population
200
Speed
Normal
Resources
Standard
Victory
Conquest
Starting age
Dark Age
Ending age
Imperial Age
RankedLock teamsTeams togetherTeam positionsShared explorationLock speedFull tech treeHidden civsTurbo modeCheats
Victory
Defeat
🇺🇸 Vietnamese · United States
805
+15
🇺🇸 Byzantines · United States
787
+15
🇺🇸 Japanese · United States
782
-32
🇺🇸 Franks · United States
782
-32
Bruhedioan
7:49 Loom
10:26 Feudal Age
11:12 Horse Collar
11:20 Double-Bit Axe
17:50 Wheelbarrow
22:59 Castle Age
22:03 Man-at-Arms
22:30 Arson
22:58 Forging
22:50 Scale Mail Armor
22:41 Fletching
22:52 Padded Archer Armor
23:06 Bloodlines
24:18 Hand Cart
23:59 Long Swordsman
24:25 Gambesons
24:40 Squires
24:46 Husbandry
26:03 Iron Casting
25:26 Crossbowman
27:32 Thumb Ring
27:25 Bodkin Arrow
27:46 Leather Archer Armor
28:54 Gold Mining
28:55 Stone Mining
30:09 Town Watch
33:16 Chain Mail Armor
33:30 Bow Saw
33:58 Gold Shaft Mining
33:27 Town Patrol
40:09 Imperial Age
39:04 Ballistics
40:19 Cavalier
40:37 Cavalier
40:44 Arbalester
40:53 Onager
41:00 Two-Handed Swordsman
44:43 Champion
47:07 Conscription
47:18 Scale Barding Armor
Phil Leotardo
13:57 Feudal Age
12:16 Loom
13:41 Loom
14:24 Double-Bit Axe
18:48 Castle Age
19:52 Scale Barding Armor
19:51 Gold Mining
28:06 Chain Barding Armor
29:10 Wheelbarrow
32:10 Husbandry
35:03 Gold Shaft Mining
43:01 Imperial Age
41:05 Stone Mining
41:28 Bow Saw
48:16 Hand Cart
noahubert
0:29 Loom
12:46 Feudal Age
15:22 Wheelbarrow
19:35 Gold Mining
22:35 Castle Age
21:10 Double-Bit Axe
21:19 Stone Mining
23:14 Horse Collar
26:52 Stone Shaft Mining
34:03 Imperial Age
31:52 Pikeman
37:41 Hand Cart
38:32 Forging
38:13 Fletching
38:24 Scale Mail Armor
38:26 Padded Archer Armor
38:33 Scale Barding Armor
39:08 Bow Saw
40:36 Iron Casting
41:40 Heavy Camel Rider
44:10 Bodkin Arrow
44:44 Conscription
46:37 Caravan
theforceofg
0:28 Loom
12:54 Feudal Age
13:29 Double-Bit Axe
20:21 Castle Age
18:16 Horse Collar
18:44 Stone Mining
21:00 Town Watch
22:05 Bow Saw
21:49 Gold Mining
26:03 Forging
25:44 Fletching
32:35 Imperial Age
31:13 Iron Casting
31:20 Fortified Wall
31:51 Wheelbarrow
31:01 Pikeman
34:05 Bodkin Arrow
34:36 Hand Cart
35:17 Halberdier
36:01 Scale Mail Armor
37:19 Chain Mail Armor
37:38 Murder Holes
39:24 Chemistry
39:28 Heavy Plow
40:56 Two-Man Saw
40:40 Plate Mail Armor
40:25 Squires
41:35 Paper Money
41:45 Caravan
45:35 Hoardings
45:46 Bracer
45:47 Padded Archer Armor
46:27 Ballistics
46:17 Thumb Ring
47:26 Leather Archer Armor
47:24 Elite Rattan Archer
Connection lost

Rejoining the realm…

Still unreachable

The connection could not be restored.

Session expired

The server has moved on; the page needs a fresh start.